 Dungeon Crawl Stone Soup version 0.19.1 (webtiles) character file.

16695 JeffiDaFish the Blocker (level 12, -7/73 HPs)
             Began as a Gargoyle Fighter on Dec 15, 2016.
             Was an Elder of Makhleb.
             Splashed by an oklob plant's acid (13 damage)
             ... on level 11 of the Dungeon.
             The game lasted 00:41:44 (11544 turns).

JeffiDaFish the Blocker (Gargoyle Fighter)         Turns: 11544, Time: 00:41:45

Health: -7/73      AC: 13    Str: 19 (22) XL:     12   Next: 40%
Magic:  12/12      EV: 12    Int:  9 (10) God:    Makhleb [****..]
Gold:   1006       SH: 17    Dex:  9 (11) Spells: 0 memorised, 11 levels left

rFire  + . .     SeeInvis +     x - +5 mace of the Seven Beggars {crush, rF+}
rCold  . . .     Gourm    .     s - +1 plate armour
rNeg   + . .     Faith    .     c - +1 shield
rPois  ∞         Spirit   .     z - +0 helmet
rElec  +         Reflect  .     w - +1 cloak
rCorr  .         Harm     .     a - +0 pair of gloves
MR     .....                    p - +0 pair of boots
Stlth  ..........               n - amulet of magic regeneration
                                y - ring of see invisible
                                v - +6 ring of evasion

@: corroded
A: large bone plates 1, negative energy resistance 1, electricity resistance,
unbreathing, petrification resistance, rot immunity, AC +8
a: Minor Destruction, Lesser Servant of Makhleb, Major Destruction, Renounce
Religion


You were on level 11 of the Dungeon.
You worshipped Makhleb.
Makhleb was greatly pleased with you.
You were hungry.

You visited 2 branches of the dungeon, and saw 12 of its levels.

You collected 1186 gold pieces.
You spent 180 gold pieces at shops.

Inventory:

Hand Weapons
 t - a +2 flail of crushing
 x - the +5 mace of the Seven Beggars (weapon) {crush, rF+}
   (You found it on level 10 of the Dungeon)

   It inflicts extra damage upon your enemies.
   It protects you from fire.
Armour
 a - a +0 pair of gloves (worn)
 c - a +1 shield (worn)
 p - a +0 pair of boots (worn)
 s - a +1 plate armour (worn)
 w - a +1 cloak (worn)
 z - a +0 helmet (worn)
Jewellery
 n - an amulet of magic regeneration (around neck)
 v - a +6 ring of evasion (left hand)
 y - a ring of see invisible (right hand)
Wands
 A - a wand of teleportation (3/9)
Scrolls
 d - 2 scrolls of recharging
 h - 2 scrolls of amnesia
 j - 3 scrolls of remove curse
 l - a scroll of identify
 u - 3 scrolls of magic mapping
Potions
 b - 4 potions of brilliance
 e - 12 potions of curing
 k - 2 potions of heal wounds
Comestibles
 f - 10 bread rations
 g - 6 meat rations
 i - 18 royal jellies
 m - 32 fruits
 o - 2 slices of pizza
 q - 2 beef jerkies
 r - 8 chunks of flesh


   Skills:
 + Level 8.1 Fighting
 + Level 12.6 Maces & Flails
 + Level 7.8 Armour
 + Level 2.6 Dodging
 + Level 1.7 Stealth
 + Level 12.9 Shields


You had 11 spell levels left.
You didn't know any spells.

Dungeon Overview and Level Annotations

Branches:
Dungeon (11/15)            Temple (1/1) D:7            Lair (0/6) D:11
    Orc (0/2) D:11

Altars:
Ashenzari
Dithmenos
Elyvilon
Gozag
Kikubaaqudgha
Makhleb
Nemelex Xobeh
Ru
Sif Muna
Uskayaw
Zin
The Shining One

Shops:
D:9 [   D:11 !=

Annotations:
D:11 exclusion: 2 oklob plants


Innate Abilities, Weirdness & Mutations

You are resistant to torment.
Your stone body is resilient. (AC +8)
You are immune to poison.
You resist negative energy. (rN+)
You are resistant to electric shocks. (rElec)
You can survive without breathing.
You are immune to petrification.
You are immune to rotting.
You are partially covered in large bone plates. (SH +4)


Message History

* * * LOW HITPOINT WARNING * * *
You hit the oklob plant but do no damage.
The oklob plant is severely damaged.
You feel much better. The oklob plant spits acid at you.
You block the splash of acid.
You hit the oklob plant.
The oklob plant is almost destroyed.
The oklob plant spits acid at you. The splash of acid hits you!
You are splashed with acid!
The acid burns!
* * * LOW HITPOINT WARNING * * *
You hit the oklob plant but do no damage.
The oklob plant is almost destroyed.
You hit the oklob plant but do no damage.
The oklob plant is almost destroyed.
The oklob plant spits acid at you. The splash of acid hits you!
* * * LOW HITPOINT WARNING * * *
You are splashed with acid!
The acid burns!
You die...

#.................... #.##
########.#...#.##...# #.##
#.#.........# #.##
#....÷÷#.#.####### #.#.
###...†.#######...# #.#.
#......†#.......#..####.#.
#.###.....#...#.......^.##
# #....##PP.##..........
#..#.@PPPPP..#.#######
#..#..PP>P...#.#
#..#...PPP...#.#
#....##..P##...###
....#...#.)....##### .
...#.....))#......... ##.
#....#######...####### #..
#... ##### #.# #


You could see 2 oklob plants.

Vanquished Creatures
  Erica (D:9)
  A centaur warrior (D:11)
  A catoblepas (D:10)
  3 hill giants
  An unseen horror (D:10)
  An ugly thing (D:11)
  An oklob plant (D:11)
  A cyclops (D:11)
  Maurice (D:10)
  Psyche (D:11)
  Joseph (D:10)
  A centaur skeleton (D:9)
  A tengu conjurer (D:10)
  A queen bee (D:9)
  2 hippogriffs
  A vampire (D:10)
  A wraith (D:10)
  10 yaks
  2 wyverns
  Edmund (D:4)
  6 orc warriors
  4 sky beasts
  A black bear (D:7)
  5 ice beasts
  A necrophage (D:7)
  7 ogres
  The ghost of daryashkoh the Cudgeler, an amateur DsCK of Xom (D:3)
  12 centaurs
  2 big kobolds
  3 bullfrogs
  A gnoll sergeant (D:8)
  2 scorpions
  24 killer bees (D:9)
  7 wights
  5 howler monkeys
  A crimson imp (D:9)
  2 centaur zombies
  10 hounds
  12 orc wizards
  Crazy Yiuf (D:2)
  2 gnoll shamans (D:8)
  11 orc priests
  3 bullfrog skeletons (D:11)
  2 iguanas (D:6)
  Natasha (thrice) (D:2)
  8 worker ants
  A hound zombie (D:10)
  4 hound skeletons
  7 gnolls
  14 adders
  3 shadow imps
  An adder zombie (D:6)
  An adder skeleton (D:10)
  3 worms
  2 dart slugs
  13 leopard geckos
  49 orcs
  10 giant cockroaches
  5 goblins
  10 hobgoblins
  7 jackals
  3 quokkas
  2 ball pythons
  9 bats
  4 frilled lizards
  A jackal skeleton (D:6)
  17 kobolds
  A leopard gecko zombie (D:5)
  A quokka zombie (D:7)
  7 rats
  2 fungi
  2 plants (D:8)
348 creatures vanquished.

Notes
Turn   | Place    | Note
-------+----------+-------------------------------------------
     0 | D:1      | JeffiDaFish the Gargoyle Fighter began the quest for the Orb.
     0 | D:1      | Reached XP level 1. HP: 14/14 MP: 1/1
   263 | D:1      | Reached XP level 2. HP: 14/19 MP: 2/2
   673 | D:2      | Noticed Natasha
   679 | D:2      | Noticed a crimson imp
   679 | D:2      | Killed Natasha
   679 | D:2      | Reached XP level 3. HP: 22/23 MP: 3/3
  1064 | D:2      | Found a runed door.
  1068 | D:2      | Noticed Crazy Yiuf
  1073 | D:2      | Killed Crazy Yiuf
  1073 | D:2      | Reached XP level 4. HP: 15/29 MP: 2/4
  1356 | D:2      | Noticed Natasha
  1376 | D:2      | Killed Natasha
  1376 | D:2      | Reached XP level 5. HP: 26/33 MP: 5/5
  1392 | D:2      | Gained mutation: You are partially covered in large bone plates. (SH +4) [potion of mutation]
  1392 | D:2      | Gained mutation: You are weak. (Str -2) [potion of mutation]
  1392 | D:2      | Gained mutation: You are agile. (Dex +2) [potion of mutation]
  1513 | D:2      | Noticed Natasha
  1531 | D:2      | Killed Natasha
  1724 | D:3      | Noticed daryashkoh's ghost (amateur DsCK)
  1735 | D:3      | Killed daryashkoh's ghost
  1735 | D:3      | Reached skill level 1 in Dodging
  1735 | D:3      | Reached XP level 6. HP: 37/38 MP: 6/6
  2062 | D:3      | Reached skill level 5 in Shields
  2666 | D:3      | Reached XP level 7. HP: 43/43 MP: 7/7
  2739 | D:4      | Reached skill level 5 in Maces & Flails
  3242 | D:4      | Reached XP level 8. HP: 48/48 MP: 8/8
  3457 | D:4      | Noticed Edmund
  3477 | D:4      | Killed Edmund
  3619 | D:5      | Entered Level 5 of the Dungeon
  3731 | D:5      | Reached skill level 5 in Armour
  3838 | D:5      | Found an ancient bone altar of Kikubaaqudgha.
  4537 | D:6      | Reached skill level 5 in Fighting
  5106 | D:6      | Found an opulent altar of Gozag.
  5106 | D:6      | Found a sparkling altar of Nemelex Xobeh.
  5181 | D:7      | Reached XP level 9. HP: 54/54 MP: 9/9
  5374 | D:7      | Found a staircase to the Ecumenical Temple.
  5381 | Temple   | Entered the Ecumenical Temple
  5404 | Temple   | Became a worshipper of Makhleb the Destroyer
  6511 | D:7      | Found a glowing silver altar of Zin.
  6511 | D:7      | Found a shadowy altar of Dithmenos.
  7158 | D:8      | Reached XP level 10. HP: 60/60 MP: 10/10
  7193 | D:8      | Reached * piety under Makhleb
  7615 | D:8      | Found a white marble altar of Elyvilon.
  7848 | D:8      | Found a hide-covered altar of Uskayaw.
  7848 | D:8      | Found a sacrificial altar of Ru.
  7989 | D:9      | Reached ** piety under Makhleb
  8094 | D:9      | Reached skill level 10 in Maces & Flails
  8095 | D:9      | Found Geirr's Armour Boutique.
  8260 | D:9      | Reached skill level 10 in Shields
  8480 | D:9      | Reached *** piety under Makhleb
  8530 | D:9      | Reached XP level 11. HP: 66/66 MP: 11/11
  8560 | D:9      | Noticed Erica
  8600 | D:9      | Killed Erica
  8793 | D:10     | Entered Level 10 of the Dungeon
  8793 | D:10     | Noticed a catoblepas
  8812 | D:10     | Killed a catoblepas
  9151 | D:10     | Killed an unseen horror
  9335 | D:10     | Reached skill level 1 in Stealth
  9656 | D:10     | Noticed Maurice
  9749 | D:10     | Identified the +5 mace of the Seven Beggars {crush, rF+} (You found it on level 10 of the Dungeon)
  9808 | D:10     | Noticed a hill giant
  9816 | D:10     | Killed Maurice
  9816 | D:10     | Reached **** piety under Makhleb
  9827 | D:10     | Killed a hill giant
 10066 | D:10     | Noticed Joseph
 10077 | D:10     | Killed Joseph
 10245 | D:10     | Noticed a hill giant
 10259 | D:10     | Killed a hill giant
 10566 | D:11     | Noticed a hill giant
 10576 | D:11     | Killed a hill giant
 10585 | D:11     | Found a staircase to the Orcish Mines.
 10632 | D:11     | Found a sacrificial altar of Ru.
 10640 | D:11     | Found Heapsikh's Jewellery Boutique.
 10673 | D:11     | Bought an uncursed ring of see invisible for 180 gold pieces
 10697 | D:11     | Reached XP level 12. HP: 73/73 MP: 12/12
 10736 | D:11     | Found Vouseam's Distillery.
 10768 | D:11     | Lost mutation: You are weak. (Str -2) [potion of cure mutation]
 10768 | D:11     | Lost mutation: You are agile. (Dex +2) [potion of cure mutation]
 10769 | D:11     | Found a staircase to the Lair.
 11331 | D:11     | Noticed a centaur warrior
 11334 | D:11     | Noticed Psyche
 11349 | D:11     | Killed Psyche
 11353 | D:11     | Killed a centaur warrior
 11544 | D:11     | Splashed by an oklob plant's acid

Skill      XL: |  1  2  3  4  5  6  7  8  9 10 11 12 |
---------------+-------------------------------------+-----
Shields        | 4 5 6 7 9 10 12 | 12.9
Armour         | 4 5 6 7 |  7.8
Maces & Flails | 3 4 5 7 9 10 12 | 12.6
Fighting       | 4 5 6 7 8 |  8.1
Dodging        | 1 2 |  2.6
Stealth        | 1 |  1.7

Action                   |  1- 3 |  4- 6 |  7- 9 | 10-12 || total
-------------------------+-------+-------+-------+-------++-------
Melee: Flail             |   101 |   221 |   426 |   686 ||  1434
       Mace              |       |       |       |   339 ||   339
  Use: Scroll            |     5 |     3 |     6 |     9 ||    23
       Potion            |     3 |     3 |     2 |     8 ||    16
 Stab: Petrified         |       |       |       |     3 ||     3
  Eat: Chunk             |     1 |     5 |    15 |    15 ||    36
       Fruit             |       |       |     1 |       ||     1
Armor: Scale mail        |    56 |   100 |    31 |       ||   187
       Plate armour      |       |       |   117 |   431 ||   548
Dodge: Dodged            |    15 |    61 |    68 |   339 ||   483
Block: Shield            |    61 |   218 |   306 |   876 ||  1461
